AoeStats
← zamithdaniel

Black Forest

508726413Analyzed
2v2 RM · 9d ago on Sep 23, 2026· 20m 1s· 4 players
Game mode
Random Map
Map size
Medium (4 player)
Population
200
Speed
Normal
Resources
Standard
Victory
Conquest
Starting age
Dark Age
Ending age
Imperial Age
RankedLock teamsTeams togetherTeam positionsShared explorationLock speedFull tech treeHidden civsTurbo modeCheats
Victory
Defeat
🇺🇸 Cumans · United States
1012
+12
🇨🇴 Bohemians · Colombia
923
+17
🇨🇴 Turks · Colombia
941
-15
🇮🇸 Koreans · Iceland
918
-14
zamithdaniel
11:46 Feudal Age
12:40 Double-Bit Axe
17:05 Castle Age
F1re
0:50 Loom
11:13 Feudal Age
17:51 Castle Age
16:26 Double-Bit Axe
19:45 Fletching
cjblikstad
0:46 Loom
13:28 Feudal Age
15:34 Wheelbarrow
14:45 Man-at-Arms
18:37 Forging
18:36 Scale Mail Armor
OMAR101226
0:34 Loom
13:52 Feudal Age
16:20 Wheelbarrow
15:33 Horse Collar
15:39 Double-Bit Axe
19:39 Castle Age
Connection lost

Rejoining the realm…

Still unreachable

The connection could not be restored.

Session expired

The server has moved on; the page needs a fresh start.